 Dungeon Crawl Stone Soup version 0.31-a0-1370-gf52a5a9ab3 (webtiles) character file.

Game seed: 13150922248250568316

1089 Curundu the Covered (level 8, -3/62 (70) HPs)
             Began as a Minotaur Berserker on Dec 23, 2023.
             Was an Elder of Trog.
             Slain by a wight
             ... wielding a +3 halberd
              (9 damage)
             ... on level 6 of the Dungeon.
             The game lasted 00:19:25 (5539 turns).

Curundu the Covered (Minotaur Berserker)            Turns: 5539, Time: 00:19:25

HP:   -3/62 (70)    AC: 11    Str: 24    XL:     8   Next: 9%
MP:   7/7           EV: 10    Int:  4    God:    Trog [****..]
Gold: 157           SH:  0    Dex: 10    Spells: 7/7 levels left

rFire   . . .        h - +2 dagger (drain)
rCold   . . .        (no shield)
rNeg    . . .        r - +0 chain mail
rPois   .            (helmet restricted)
rElec   .            t - +0 cloak
rCorr   .            (no gloves)
SInv    .            (no boots)
Will    .....        (no amulet) Stlth
                     (no ring)
HPRegen 0.30/turn    (no ring)
MPRegen 0.10/turn

%: no passive effects
@: heavily drained
A: horns 2, retaliatory headbutt
a: Renounce Religion, Berserk, Trog's Hand, Brothers in Arms


You were on level 6 of the Dungeon.
You worshipped Trog.
Trog was greatly pleased with you.
You visited 1 branch of the dungeon, and saw 6 of its levels.

You collected 262 gold pieces.
You spent 105 gold pieces at shops.

Inventory:

Hand Weapons
 h - a +2 dagger of draining (weapon)
Missiles
 f - an atropa-tipped dart
 p - 3 boomerangs
 q - 6 poisoned darts (quivered)
 u - a throwing net
Armour
 r - a +0 chain mail (worn)
 t - a +0 cloak (worn)
Wands
 l - a wand of iceblast (11)
Scrolls
 a - a scroll of fear {unknown}
 d - a scroll of immolation {unknown}
 e - 3 scrolls of fog {unknown}
 g - a scroll of noise {unknown}
 i - 3 scrolls of poison {unknown}
 n - a scroll of enchant armour {unknown}
 o - a scroll of teleportation {unknown}
 s - a scroll of brand weapon {unknown}
Potions
 b - a potion of might {unknown}
 c - 3 potions of curing {unknown}
 j - 2 potions of brilliance {unknown}
 k - a potion of heal wounds {unknown}
 m - 2 potions of mutation {unknown}
 v - a potion of degeneration {unknown}


   Skills:
 + Level 6.1 Fighting
 + Level 5.3 Short Blades
 + Level 4.2 Polearms
 + Level 2.0 Throwing
 + Level 6.2 Armour
 + Level 4.4 Dodging
 + Level 0.5 Stealth


You had 7 spell levels left.
You didn't know any spells.
Your spell library was empty.

Dungeon Overview and Level Annotations

Branches:
Dungeon (6/15)
 Temple: D:4-7

Altars:
Nemelex Xobeh

Shops:
D:2 [   D:3 *   D:4 *


Innate Abilities, Weirdness & Mutations

You have a pair of horns on your head.
You reflexively headbutt those who attack you in melee.


Message History

You barely miss the wight. You headbutt the wight!
The wight is almost destroyed.
You barely miss the wight.
The wight is almost destroyed.
The wight hits you with a +1 scimitar!
You feel drained.
An iguana comes into view.
The iguana hisses angrily.
You hear a bark!
You hit the wight but do no damage. Your headbutt misses the wight.
The wight hits you with a +1 scimitar.
You feel drained.
You closely miss the wight. Your punch misses the wight.
The wight completely misses you. The wight hits you with a +2 battleaxe!
You feel drained. The wight barely misses you.
You barely miss the wight. The wight hits you but does no damage.
The wight barely misses you.
A hound comes into view.
You closely miss the wight.
The hound barks!
Your headbutt misses the wight. The wight barely misses you.
You furiously retaliate!
You headbutt the wight! The wight hits you with a +1 scimitar.
You feel drained. The wight closely misses you.
You completely miss the wight.
The wight hits you from afar with a +3 halberd.
You feel drained. The wight hits you with a +2 battleaxe!
* * * LOW HITPOINT WARNING * * *
You feel drained.
* * * LOW HITPOINT WARNING * * *
The wight closely misses you. You furiously retaliate!
You headbutt the wight!
You destroy the wight!
Trog accepts your kill.
The wight hits you with a +3 short sword.
* * * LOW HITPOINT WARNING * * *
You hit the wight but do no damage. The wight hits you but does no damage.
The wight closely misses you.
You hit the wight but do no damage. The wight hits you but does no damage.
The hound stops to sniff the ground.
The wight hits you with a +4 mace.
* * * LOW HITPOINT WARNING * * *
The wight hits you from afar with a +3 halberd!
You die...

...## ....## .........
.....# #........ #....##
#........ #.....##
#........ #......#
#...h.. #.....# ##....
##.....### #..l#
....#....######z@#
..######.......zz########
### ##......z........# #
##............... #
###............. #
##............ #
##........... #
##.......... #
##.........


You could see an iguana, a hound and 4 wights.

Vanquished Creatures
  A sky beast (D:6)
  A centaur (D:4)
  2 phantoms
  A scorpion (D:4)
  A wight (D:6)
  A jelly (D:4)
  3 hounds
  2 orc priests (D:5)
  2 iguanas (D:5)
  A sleepcap (D:5)
  4 orc wizards
  4 gnolls (D:5)
  12 adders
  2 white imps (D:5)
  2 bombardier beetles (D:5)
  2 ufetubi (D:5)
  4 dart slugs
  11 orcs
  9 endoplasms
  2 giant cockroaches (D:4)
  8 goblins
  8 hobgoblins
  6 jackals
  7 kobolds
  2 quokkas
  10 ball pythons
  10 bats
  5 frilled lizards
  5 rats
128 creatures vanquished.

Vanquished Creatures (others)
  An orc wizard (D:6)
1 creature vanquished.

Grand Total: 129 creatures vanquished

Notes
Turn   | Place    | Note
-------+----------+-------------------------------------------
     0 | D:1      | Curundu the Minotaur Berserker began the quest for the Orb.
     0 | D:1      | Reached XP level 1. HP: 19/19 MP: 0/0
   126 | D:1      | Reached XP level 2. HP: 18/27 MP: 1/1
   533 | D:1      | Reached ** piety under Trog
   605 | D:1      | Reached XP level 3. HP: 33/33 MP: 2/2
  1501 | D:2      | Found Biagolel's Armour Emporium.
  1501 | D:2      | Noticed an animated shadow dragon scales
  1501 | D:2      | Noticed an animated pearl dragon scales
  1693 | D:2      | Reached XP level 4. HP: 38/41 MP: 3/3
  2186 | D:3      | Found Arovaz's General Store.
  2214 | D:3      | Reached skill level 1 in Short Blades
  2220 | D:3      | Bought a scroll of enchant weapon for 105 gold pieces
  2466 | D:3      | Found a faded altar of an unknown god.
  2596 | D:4      | Noticed a centaur
  2608 | D:4      | Killed a centaur
  2609 | D:4      | Reached skill level 1 in Throwing
  2609 | D:4      | Reached XP level 5. HP: 38/47 MP: 4/4
  2934 | D:4      | Reached *** piety under Trog
  2985 | D:4      | Reached skill level 5 in Fighting
  2985 | D:4      | Reached XP level 6. HP: 47/56 MP: 5/5
  3020 | D:4      | Found Anuddew's Assorted Antiques.
  3586 | D:4      | Found a sparkling altar of Nemelex Xobeh.
  3666 | D:5      | Entered Level 5 of the Dungeon
  4306 | D:5      | Reached XP level 7. HP: 51/61 MP: 6/6
  4316 | D:5      | Reached skill level 5 in Armour
  4842 | D:5      | Reached **** piety under Trog
  5491 | D:6      | Reached skill level 5 in Short Blades
  5491 | D:6      | Reached XP level 8. HP: 67/70 MP: 7/7
  5539 | D:6      | Slain by a wight

Illustrated notes

Levels and vault maps discovered:
D:1:      amcnicky_arrival_choice, layout_basic
D:2:      layout_basic, serial_shops, nicolae_shop_mannequins, serial_bayou,
          serial_bayou_ford_a, serial_bayou_crossing, serial_bayou_shore_b
D:3:      layout_basic, serial_shops, shop,
          dreamdust_ecumenical_altar_hidden_monk_grotto
D:4:      layout_cave_pods, kennysheep_mini, serial_shops,
          nicolae_shop_tiny_statue_garden, hangedman_minor_gate_pass
D:5:      layout_loops_corners, st_stairs_2, grunt_ministairs_4,
          patterned_corridor
D:6:      layout_cave_pods, mainiacjoe_overflow_small_starburst,
          chequers_temple_overflow_minitemple, temple_green

Skill      XL: |  1  2  3  4  5  6  7 |
---------------+----------------------+-----
Fighting       | 4 5 6 |  6.1
Polearms       | 4 |  4.2
Dodging        | 3 4 |  4.4
Short Blades   | 2 3 5 |  5.3
Throwing       | 1 2 |  2.0
Armour         | 3 4 6 |  6.2
Stealth        | |  0.5

Action                     |  1- 3 |  4- 6 |  7- 9 || total
---------------------------+-------+-------+-------++-------
  Melee: Spear             |    39 |       |       ||    39
         Headbutt          |    14 |    25 |    24 ||    63
         Dagger            |    60 |   181 |   141 ||   382
         Punch             |       |     2 |     2 ||     4
  Throw: Dart              |    16 |    13 |    13 ||    42
    Use: Scroll            |       |     1 |       ||     1
 Armour: Animal skin       |    46 |    13 |       ||    59
         Ring mail         |       |    81 |       ||    81
         Chain mail        |       |    69 |   111 ||   180
  Dodge: Dodged            |    78 |   125 |    57 ||   260

Table legend: (Time is in decaauts)
 A = Elapsed time spent in this place.
 B = Non-inter-level travel time spent in this place.
 C = Inter-level travel time spent in this place.
 D = Time resting spent in this place.
 E = Time spent auto-exploring this place.
 F = Levels seen in this place.
 G = Mean time per level.
                   A        B        C        D        E       F      G
               +--------+--------+--------+--------+--------+-----+--------+
         Total |   5498 |   5498 |      0 |      0 |   4060 |   6 |  916.3 |
       Dungeon |   5498 |   5498 |      0 |      0 |   4060 |   6 |  916.3 |
               +--------+--------+--------+--------+--------+-----+--------+

Top non-repeatable levels by time:
     D:5: 1645 daAuts
     D:4: 1100 daAuts
     D:2: 969 daAuts
     D:1: 943 daAuts
     D:3: 650 daAuts
     D:6: 189 daAuts
